 Dungeon Crawl Stone Soup version 0.28-a0-683-ga8797d1ae1 (webtiles) character file.

Game seed: 5999538278599049862

1090 shoop the Skirmisher (level 8, -2/87 HPs)
             Began as an Ogre Hunter on Oct 18, 2021.
             Was an Initiate of Hepliaklqana.
             Killed from afar by Maggie (26 damage)
             ... with a bolt of fire
             ... on level 7 of the Dungeon.
             The game lasted 00:19:11 (8111 turns).

shoop the Skirmisher (Ogre Hunter)                  Turns: 8111, Time: 00:19:12

Health: -2/87      AC: -9    Str: 19    XL:     8   Next: 31%
Magic:  8/8        EV: 10    Int: 12    God:    Hepliaklqana [......]
Gold:   17         SH:  0    Dex:  9    Spells: 7/7 levels left

rFire   . . .      SeeInvis .   j - +2 short sword (speed)
rCold   . . .      Faith    .   (no shield)
rNeg    . . .      Spirit   .   b - +0 robe
rPois   .          Reflect  .   l - +0 hat
rElec   .          Harm     .   (no cloak)
rCorr   .          Rampage  .   (gloves unavailable)
Will    .....                   (boots unavailable)
Stlth   +.........              (no amulet)
HPRegen 0.24/turn               (no ring)
MPRegen 0.11/turn               (no ring)

@: corroded, mesmerised
A: large, unfitting armour, tough skin 1
a: Renounce Religion


You were on level 7 of the Dungeon.
You worshipped Hepliaklqana.
Hepliaklqana was noncommittal.
You visited 1 branch of the dungeon, and saw 7 of its levels.
You also visited: Ossuary.

You collected 221 gold pieces.
You spent 204 gold pieces at shops.

Inventory:

Hand Weapons
 j - a +2 short sword of speed (weapon)
 n - a +0 quarterstaff
 G - a +0 giant club
Missiles
 c - 3 large rocks (quivered)
 d - a throwing net
 k - 105 stones
 p - 45 poisoned darts
 H - 5 javelins
Armour
 b - a +0 robe (worn)
 l - a +0 hat (worn)
Wands
 y - a wand of iceblast (1)
Scrolls
 a - a scroll of silence {unknown}
 e - 6 scrolls of teleportation
 r - 2 scrolls of immolation {unknown}
 s - 4 scrolls of fog
 u - 3 scrolls of fear {unknown}
 A - 4 scrolls of identify {unknown}
 B - 2 scrolls of enchant armour {unknown}
 C - a scroll of magic mapping {unknown}
 D - a scroll of summoning {unknown}
 E - a scroll of enchant weapon
 F - a scroll of amnesia
Potions
 f - 2 potions of heal wounds
 g - a potion of magic {unknown}
 h - a potion of haste
 i - a potion of invisibility {unknown}
 m - a potion of lignification {unknown}
 o - 2 potions of mutation {unknown}
 q - a potion of berserk rage {unknown}
 t - 2 potions of degeneration {unknown}
 v - 3 potions of ambrosia {unknown}
 w - 3 potions of attraction {unknown}
 x - a potion of flight {unknown}
 z - 2 potions of brilliance {unknown}


   Skills:
 + Level 7.6 Fighting
 + Level 1.6 Maces & Flails
 + Level 7.4 Throwing
 - Level 2.0 Dodging
 - Level 1.0 Stealth
 - Level 3.0 Evocations


You had 7 spell levels left.
You didn't know any spells.
Your spell library contained the following spells:

 Spells                   Type           Power      Damage    Failure   Level
 Hailstorm                Conj/Ice       0%         3d3       97%         4
 Ice Form                 Ice/Tmut       0%         N/A       97%         4
 Simulacrum               Ice/Necr       0%         N/A       100%        6


Dungeon Overview and Level Annotations

Branches:
Dungeon (7/15)            Ossuary (visited)
 Temple: D:4-7

Altars:
Fedhas
Hepliaklqana
Nemelex Xobeh
Qazlal
Wu Jian
The Shining One

Shops:
D:4 [?   D:5 **

Annotations:
D:4 exclusion: ogre
D:5 exclusion: centaur
D:6 exclusions: howler monkey and ogre
D:7 Maggie


Innate Abilities, Weirdness & Mutations

You are too large for most types of armour.
You have tough skin. (AC +1)


Message History

Press: ? - help, Q - select action, (/) - cycle Shift-Dir - straight line, f/p - Maggie
Aim: Maggie, wielding a +0 broad axe and wearing +0 swamp dragon scales (mesmerising, 65% to hit)
Okay, then.
Throw: 4 throwing nets
Press: ? - help, Q - select action, (/) - cycle Shift-Dir - straight line, f/p - Maggie
Aim: Maggie, wielding a +0 broad axe and wearing +0 swamp dragon scales (mesmerising, 65% to hit)
You throw a throwing net. The throwing net barely misses Maggie.
Throw: 3 throwing nets
Press: ? - help, Q - select action, (/) - cycle Shift-Dir - straight line, f/p - Maggie
Aim: Maggie, wielding a +0 broad axe and wearing +0 swamp dragon scales (mesmerising, 65% to hit)
You throw a throwing net. The throwing net closely misses Maggie.
Throw: 2 throwing nets
Press: ? - help, Q - select action, (/) - cycle Shift-Dir - straight line, f/p - Maggie
Aim: Maggie, wielding a +0 broad axe and wearing +0 swamp dragon scales (grey smoke, mesmerising, 65% to hit)
You throw a throwing net. The throwing net hits Maggie.
Maggie is caught in the net!
Maggie mumbles some strange words.
Maggie draws you further into her thrall.
Maggie struggles against the net.
Aiming: Iceblast
Press: ? - help, Shift-Dir - straight line, f/p - Maggie
Aim: Maggie, wielding a +0 broad axe and wearing +0 swamp dragon scales (grey smoke, mesmerising, entangled in a net)
The mass of ice explodes!
The iceblast engulfs Maggie!
Maggie is moderately wounded.
Unknown command.
Throw: 5 large rocks
Press: ? - help, Q - select action, (/) - cycle Shift-Dir - straight line, f/p - Maggie
Aim: Maggie, wielding a +0 broad axe and wearing +0 swamp dragon scales (grey smoke, moderately wounded, mesmerising, entangled in a net, 93% to hit)
You throw a large rock. The large rock hits Maggie!!
Maggie is severely wounded.
Maggie struggles against the net.
Throw: 4 large rocks
Press: ? - help, Q - select action, (/) - cycle Shift-Dir - straight line, f/p - Maggie
Aim: Maggie, wielding a +0 broad axe and wearing +0 swamp dragon scales (grey smoke, severely wounded, mesmerising, entangled in a net, 93% to hit)
You throw a large rock. The large rock hits Maggie.
Maggie is severely wounded.
Maggie struggles against the net.
Maggie casts a spell at you. The bolt of fire hits you!!
You die...

.##. #.. .(.
...###.#####
###.....|...#
./......@§§#
..>......§§§#
..##.....§§@####
.........§§§§§.#
.........§§§§§§#
.).....<......§#
.#####........§#
#.........#
###########


You could see Maggie (mesmerising, caught).

Vanquished Creatures
  A wraith (Ossuary)
  A sky beast (D:5)
  2 ogres
  A necrophage (D:5)
  2 water moccasin zombies (D:5)
  A howler monkey (D:6)
  2 jellies (D:5)
  A hound (D:4)
  A gnoll shaman (D:5)
  2 iguanas
  A hound skeleton (D:5)
  2 mummies
  8 gnolls (D:5)
  4 adders
  A howler monkey skeleton (D:5)
  A white imp (D:5)
  3 worms
  A dart slug (D:1)
  An orc (D:3)
  5 bats
  7 endoplasms
  5 giant cockroaches
  4 hobgoblins
  4 quokkas
  10 ball pythons
  5 frilled lizards
  10 gnoll skeletons (Ossuary)
  6 goblins
  11 kobolds
  11 kobold skeletons (Ossuary)
  4 orc skeletons (Ossuary)
  5 rats
123 creatures vanquished.

Notes
Turn   | Place    | Note
-------+----------+-------------------------------------------
     0 | D:1      | shoop the Ogre Hunter began the quest for the Orb.
     0 | D:1      | Reached XP level 1. HP: 22/22 MP: 1/1
   484 | D:1      | Reached XP level 2. HP: 27/29 MP: 2/2
   529 | D:1      | Reached skill level 1 in Stealth
  1556 | D:2      | Reached XP level 3. HP: 36/37 MP: 3/3
  1797 | D:2      | Reached skill level 5 in Throwing
  2321 | D:2      | Reached XP level 4. HP: 36/45 MP: 4/4
  2496 | D:3      | Found a sparkling altar of Nemelex Xobeh.
  2498 | D:3      | Found a stormy altar of Qazlal.
  2911 | D:3      | Found a glowing golden altar of the Shining One.
  3576 | D:4      | Found Nanecol's Antique Armour Emporium.
  3705 | D:4      | Reached XP level 5. HP: 50/54 MP: 5/5
  3857 | D:4      | Found an ornate altar of the Wu Jian Council.
  3943 | D:4      | Found Avaty Hips's Magic Scroll Shop.
  3963 | D:4      | Bought a scroll of teleportation for 36 gold pieces
  3963 | D:4      | Bought a scroll of fog for 24 gold pieces
  3963 | D:4      | Bought a scroll of noise for 12 gold pieces
  4132 | D:4      | Noticed an ogre
  4416 | D:5      | Entered Level 5 of the Dungeon
  4431 | D:5      | Noticed an ogre
  4502 | D:5      | Reached skill level 5 in Fighting
  4502 | D:5      | Reached XP level 6. HP: 24/66 MP: 6/6
  4959 | D:5      | Noticed a necrophage
  5057 | D:5      | Found a sand-covered staircase.
  5121 | Ossuary  | Entered an ossuary
  5121 | Ossuary  | Noticed a wraith
  5121 | Ossuary  | Noticed a wraith
  5121 | Ossuary  | Noticed a wraith
  5298 | Ossuary  | Noticed a wraith
  5321 | Ossuary  | Killed a wraith
  5322 | Ossuary  | Reached XP level 7. HP: 51/74 MP: 7/7
  5920 | D:5      | Found Guadol's Goods Gallery.
  7031 | D:4      | Bought a scroll of enchant weapon for 90 gold pieces
  7031 | D:4      | Bought a scroll of amnesia for 42 gold pieces
  7200 | D:5      | Reached XP level 8. HP: 87/87 MP: 8/8
  7561 | D:5      | Found Rithog's General Store.
  7717 | D:5      | Reached skill level 1 in Maces & Flails
  8010 | D:6      | Found a blossoming altar of Fedhas.
  8027 | D:6      | Found a hazy altar of Hepliaklqana.
  8039 | D:6      | Became a worshipper of Hepliaklqana the Forgotten
  8102 | D:7      | Noticed Maggie
  8111 | D:7      | Killed from afar by Maggie

Illustrated notes

Levels and vault maps discovered:
D:1:      dpeg_arrival_arbitrary_b, layout_basic, chequers_big_river,
          amcnicky_mini_corridor_feature, kennysheep_minor_cross
D:2:      layout_loops_ring, grunt_ministairs_3, minmay_domino_2
D:3:      layout_loops_ring, general_overflow_altar,
          chequers_temple_overflow_statue_of_worship
D:4:      layout_loops_ring, lemuel_round_altar, serial_shops, shop, shop
D:5:      layout_basic, serial_shops, shop, gup_ossuary_entry_pyramid,
          nicolae_alphabet_shops
D:6:      minmay_recursive_quarters, layout_cave_pools, fedhas_altar_1,
          lemuel_doored_altar, overflow_temple_1_default,
          minmay_temple_entry_crystal_x, chequers_avenue,
          kennysheep_generic_room_5
D:7:      layout_rooms, nicolae_dithmenos_the_darkroom, evilmike_ruin_ashenzari,
          nicolae_specific_store, uniq_maggie

Skill      XL: |  1  2  3  4  5  6  7  8 |
---------------+-------------------------+-----
Fighting       | 3 4 5 7 |  7.6
Dodging        | 2 |  2.0
Stealth        | 1 |  1.0
Throwing       | 5 6 7 |  7.4
Evocations     | 2 3 |  3.0
Maces & Flails | 1 |  1.6

Action                   |  1- 3 |  4- 6 |  7- 9 || total
-------------------------+-------+-------+-------++-------
Melee: Short sword       |   139 |   177 |   138 ||   454
       Giant club        |       |       |     5 ||     5
Throw: Dart              |       |     7 |    13 ||    20
       Stone             |       |    71 |    81 ||   152
       Large rock        |       |     4 |     3 ||     7
       Throwing net      |       |       |     3 ||     3
Evoke: Wand              |       |       |     3 ||     3
  Use: Potion            |       |     2 |     1 ||     3
       Scroll            |       |       |     1 ||     1
 Stab: Sleeping          |     1 |     2 |       ||     3
Armor: Robe              |    36 |    21 |    16 ||    73
Dodge: Dodged            |    55 |    58 |    30 ||   143

Table legend: (Time is in decaauts)
 A = Elapsed time spent in this place.
 B = Non-inter-level travel time spent in this place.
 C = Inter-level travel time spent in this place.
 D = Time resting spent in this place.
 E = Time spent auto-exploring this place.
 F = Levels seen in this place.
 G = Mean time per level.
                   A        B        C        D        E       F      G
               +--------+--------+--------+--------+--------+-----+--------+
         Total |   7990 |   7376 |    614 |    564 |   5448 |   8 |  998.8 |
       Dungeon |   7545 |   6931 |    614 |    489 |   5293 |   7 | 1077.9 |
       Ossuary |    445 |    445 |      0 |     75 |    155 |   1 |  445.0 |
               +--------+--------+--------+--------+--------+-----+--------+

Top non-repeatable levels by time:
     D:5: 2597 daAuts
     D:1: 1469 daAuts
     D:4: 1271 daAuts
     D:3: 1050 daAuts
     D:2: 1002 daAuts
 Ossuary: 445 daAuts
     D:6: 135 daAuts
     D:7: 18 daAuts
